 Dungeon Crawl Stone Soup version 0.19.1 (webtiles) character file.

72 Faca the Shield-Bearer (level 4, -5/37 HPs)
             Began as a Formicid Fighter on Dec 4, 2016.
             Slain by a worm (8 damage)
             ... on level 3 of the Dungeon.
             The game lasted 00:04:15 (1533 turns).

Faca the Shield-Bearer (Formicid Fighter)           Turns: 1533, Time: 00:04:15

Health: -5/37      AC:  6    Str: 21      XL:     4   Next: 48%
Magic:  4/4        EV:  8    Int:  6 (7)  God:
Gold:   118        SH:  9    Dex: 10 (11) Spells: 0 memorised, 3 levels left

rFire  + . .     SeeInvis +     a - +1 war axe
rCold  x . .     Gourm    .     b - +0 scale mail
rNeg   . . .     Faith    .     c - +0 shield
rPois  .         Spirit   .     (helmet unavailable)
rElec  .         Reflect  .     (no cloak)
rCorr  .         Harm     .     (no gloves)
MR     .....                    (no boots)
Stlth  ..........               (no amulet)
                                (no ring)
                                h - ring of fire

@: no status effects
A: permanent stasis, dig shafts and tunnels, four strong arms, antennae 3
a: Dig, Shaft Self


You were on level 3 of the Dungeon.
You were not hungry.

You visited 1 branch of the dungeon, and saw 3 of its levels.

You collected 118 gold pieces.

Inventory:

Hand Weapons
 a - a +1 war axe (weapon)
Armour
 b - a +0 scale mail (worn)
 c - a +0 shield (worn)
Jewellery
 h - a ring of fire (left hand)
Scrolls
 e - 2 scrolls of remove curse
 i - a scroll of identify
 l - 2 scrolls of enchant weapon
Potions
 d - a potion of might
 m - a potion of curing
Comestibles
 f - 4 bread rations
 j - a meat ration


   Skills:
 + Level 3.7 Fighting
 + Level 3.1 Axes
 + Level 3.4 Armour
 + Level 0.3 Dodging
 + Level 4.6 Shields


You had 3 spell levels left.
You didn't know any spells.

Dungeon Overview and Level Annotations

Branches:
Dungeon (3/15)

Altars:
Dithmenos
Fedhas
Vehumet
Zin

Portals:
Sewer: D:3

Annotations:
D:2 exclusion: oklob plant


Innate Abilities, Weirdness & Mutations

You are under a permanent stasis effect.
You can dig through walls and to a lower floor.
Your four strong arms can wield two-handed weapons with a shield.
You have a pair of large antennae on your head. (SInv)


Message History

You kill the worm!
You slash the worm! The worm bites you!
You hit the worm.
The worm is severely wounded.
The worm bites you!
* * * LOW HITPOINT WARNING * * *
You barely miss the worm.
The worm is severely wounded.
You barely miss the worm.
The worm is severely wounded.
The worm bites you.
* * * LOW HITPOINT WARNING * * *
You hit the worm but do no damage.
The worm is severely wounded.
The worm bites you.
* * * LOW HITPOINT WARNING * * *
You hit the worm.
The worm is almost dead.
The worm bites you!
You die...

.###..#
*,**************,,,,,,
......#
*,**************,*****
####..# *,,,,,,,,,,,,,,,,,,*
####..# ***####*****,,,*,*,*
......# #..,,,,,,,,,*,*,*
####..# #.######,,,,,,*,*
#..#########.#≈≈≈≈#,,,,,,*,*
#............#w≈≈≈#,,,,,,*,*
#.##########.@†≈∩≈#,,,,***,*
#.# #.#†≈≈≈#,,,,* *,*** #.#
#.#≈≈≈≈#,*,** *,**, #.#
#.######.#,* *,**, #.#
#..,,,,,.#,* *,**,
***#.*********#.##,,,*,.,*
*,**,
,,**,,,,,,,,,,...*,,****,*
*,**, *,*******,,,,,..,,,**
*,****,**,
*,*******,******,***
*,,,,,,**,


You could see a worm.

Vanquished Creatures
  2 adders (D:2)
  A worm (D:3)
  A dart slug (D:1)
  A leopard gecko (D:2)
  2 ball pythons (D:2)
  6 giant cockroaches
  8 hobgoblins
  8 bats
  2 frilled lizards (D:2)
  5 goblins
  8 kobolds
  3 rats
47 creatures vanquished.

Vanquished Creatures (others)
  4 toadstools (D:1)
4 creatures vanquished.

Grand Total: 51 creatures vanquished

Notes
Turn   | Place    | Note
-------+----------+-------------------------------------------
     0 | D:1      | Faca the Formicid Fighter began the quest for the Orb.
     0 | D:1      | Reached XP level 1. HP: 18/18 MP: 1/1
   303 | D:1      | Reached XP level 2. HP: 15/24 MP: 2/2
   304 | D:1      | Reached skill level 4 in Shields
   643 | D:1      | Reached XP level 3. HP: 24/29 MP: 3/3
   926 | D:2      | Found a shadowy altar of Dithmenos.
   931 | D:2      | Reached XP level 4. HP: 32/36 MP: 4/4
   980 | D:2      | Found a glowing silver altar of Zin.
   982 | D:2      | Found a radiant altar of Vehumet.
  1073 | D:2      | Found a blossoming altar of Fedhas.
  1084 | D:2      | Noticed an oklob plant
  1521 | D:3      | Found a glowing drain.
  1533 | D:3      | Slain by a worm

Skill      XL: |  1  2  3  4 |
---------------+-------------+-----
Shields        | 4 |  4.6
Axes           | 3 |  3.1
Fighting       | |  3.7
Armour         | |  3.4
Dodging        | |  0.3

Action                   |  1- 3 |  4- 6 || total
-------------------------+-------+-------++-------
Melee: War axe           |   113 |    49 ||   162
  Use: Scroll            |     2 |     5 ||     7
       Potion            |     2 |     1 ||     3
  Eat: Fruit             |       |     3 ||     3
Armor: Scale mail        |    64 |    22 ||    86
Dodge: Dodged            |    40 |    20 ||    60
Block: Shield            |    82 |    23 ||   105
